 Dungeon Crawl Stone Soup version 0.24-a0-292-g5c6fb1c (webtiles) character file.

Game seed: 10385316094248520808

81 theanonym the Chopper (level 4, -1/41 HPs)
             Began as a Hill Orc Fighter on May 10, 2019.
             Killed from afar by a dart slug (6 damage)
             ... with a slug dart
             ... on level 2 of the Dungeon.
             The game lasted 00:00:55 (665 turns).

theanonym the Chopper (Hill Orc Fighter)             Turns: 665, Time: 00:00:56

Health: -1/41      AC:  6    Str: 19    XL:     4   Next: 40%
Magic:  4/4        EV:  7    Int:  8    God:
Gold:   47         SH:  9    Dex: 10    Spells: 3/3 levels left

rFire    . . .     SeeInvis .   a - +0 war axe
rCold    . . .     Gourm    .   c - +0 shield
rNeg     . . .     Faith    .   b - +0 scale mail
rPois    .         Spirit   .   (no helmet)
rElec    .         Reflect  .   (no cloak)
rCorr    .         Harm     .   (no gloves)
MR       .....                  (no boots)
Stlth    ..........             (no amulet)
HPRegen  0.13/turn              (no ring)
MPRegen  0.09/turn              (no ring)

@: no status effects
A: no striking features
a: no special abilities


   Skills:
 + Level 4.5 Fighting
 * Level 5.2 Axes
 - Level 3.2 Armour
 - Level 3.2 Shields


You had 3 spell levels left.
You didn't know any spells.
Your spell library was empty.

Skill      XL: |  1  2  3  4 |
---------------+-------------+-----
Axes           | 3 4 5 |  5.2
Fighting       | 4 |  4.5
Armour         | |  3.2
Shields        | |  3.2

Action                   |  1- 3 |  4- 6 || total
-------------------------+-------+-------++-------
Melee: War axe           |    64 |     6 ||    70
Armor: Scale mail        |    32 |     2 ||    34
Dodge: Dodged            |    29 |     3 ||    32
Block: Shield            |    30 |     3 ||    33

Inventory:

Hand Weapons
 a - a +0 war axe (weapon)
Armour
 b - a +0 scale mail (worn)
 c - a +0 shield (worn)
Scrolls
 f - a scroll of remove curse {unknown}
 g - a scroll of magic mapping {unknown}
 h - a scroll of teleportation {unknown}
 i - a scroll of fog {unknown}
 j - a scroll of identify {unknown}
 n - a scroll of enchant weapon {unknown}
Potions
 k - a potion of agility {unknown}
 l - a potion of degeneration {unknown}
 m - a potion of might
Comestibles
 d - 4 chunks of flesh
 e - 3 rations


You were on level 2 of the Dungeon.
You were not hungry.

You visited 1 branch of the dungeon, and saw 2 of its levels.

You collected 47 gold pieces.

Dungeon Overview and Level Annotations

Branches:
Dungeon (2/15)

Altars:

... .. ..
####. #...
..# ###)#
######..<#
#...†@.###
#...##†w(..#
. #.....#
#.....#
........
.$.....##.
..#.....# #
#........


You could see a dart slug.

Notes
Turn   | Place    | Note
-------+----------+-------------------------------------------
     0 | D:1      | theanonym the Hill Orc Fighter began the quest for the Orb.
     0 | D:1      | Reached XP level 1. HP: 19/19 MP: 1/1
    38 | D:1      | Reached skill level 3 in Axes
    73 | D:1      | Reached XP level 2. HP: 25/27 MP: 2/2
    91 | D:1      | Reached skill level 4 in Fighting
   249 | D:1      | Reached skill level 4 in Axes
   308 | D:1      | Reached XP level 3. HP: 31/33 MP: 3/3
   636 | D:1      | theanonym: !lg . hofi win
   636 | D:1      | beem: 8. theanonym the Lord of Darkness (L27 HOFi of
                  | Kikubaaqudgha), escaped with the Orb and 15 runes on
                  | 2017-12-15 21:04:18, with 13143893 points after 122082
                  | turns and 10:17:47.
   659 | D:2      | Reached XP level 4. HP: 34/41 MP: 4/4
   659 | D:2      | HP: 16/41 [gnoll (7)]
   662 | D:2      | HP: 7/41 [gnoll (7)]
   663 | D:2      | Reached skill level 5 in Axes
   665 | D:2      | Killed from afar by a dart slug

Vanquished Creatures
  3 gnolls (D:2)
  An adder (D:2)
  2 dart slugs (D:1)
  3 giant cockroaches (D:1)
  3 goblins (D:1)
  5 hobgoblins (D:1)
  2 jackals (D:1)
  9 kobolds
  3 bats (D:1)
  2 frilled lizards (D:1)
  2 rats (D:1)
35 creatures vanquished.

Table legend:
 A = Turns spent in this place as a percentage of turns spent in the entire game.
 B = Non-inter-level travel turns spent in this place as a percentage of non-inter-level travel turns spent in the entire game.
 C = Inter-level travel turns spent in this place as a percentage of turns spent in this place.
 D = Turns resting spent in this place as a percentage of non-inter-level travel turns spent in this place.
 E = Turns spent auto-exploring this place as a percentage of non-inter-level travel turns spent in this place.
 F = Non-inter-level travel turns spent in this place divided by the number of levels of this place that you've seen.
                   A       B       C       D       E      F
               +-------+-------+-------+-------+-------+----------------------
         Total | 100.0 | 100.0 |   2.1 |  15.8 |  63.7 | 325.5
       Dungeon | 100.0 | 100.0 |   2.1 |  15.8 |  63.7 | 325.5
               +-------+-------+-------+-------+-------+----------------------
